 Dungeon Crawl Stone Soup version 0.29-a0-113-g078de9bc30 (console) character file.

Game seed: 4711883502713685825

77 petzl the Vexing (level 4, 0/33 HPs)
             Began as a Formicid Arcane Marksman on Feb 18, 2022.
             Succumbed to a kobold's poison
             ... on level 3 of the Dungeon.
             The game lasted 00:05:42 (1843 turns).

petzl the Vexing (Formicid Arcane Marksman)         Turns: 1843, Time: 00:05:42

Health: 0/33       AC:  8    Str: 15    XL:     4   Next: 58%
Magic:  6/6        EV: 11    Int: 14    God:
Gold:   82         SH:  0    Dex: 11    Spells: 5/6 levels left

rFire   . . .      SeeInvis +   b - +0 hand crossbow
rCold   . . .      Faith    .   (no shield)
rNeg    . . .      Spirit   +   m - +1 ring mail
rPois   .          Reflect  .   (helmet unavailable)
rElec   .          Harm     .   (no cloak)
rCorr   .          Rampage  .   (no gloves)
Will    .....                   (no boots)
Stlth   +.........              k - amulet of guardian spirit
HPRegen 0.11/turn               (no ring)
MPRegen 0.10/turn               (no ring)

@: lethally poisoned (0 -> -8), flying
A: permanent stasis, dig shafts and tunnels, antennae 3, four strong arms,
iridescent scales 1, devolution 1
a: Dig, Shaft Self


You were on level 3 of the Dungeon.
You visited 1 branch of the dungeon, and saw 3 of its levels.

You collected 82 gold pieces.

Inventory:

Hand Weapons
 a - a +2 rapier of electrocution
 b - a +0 hand crossbow (weapon)
Missiles
 c - 17 bolts (quivered ammo)
 j - 11 poisoned darts
 l - 2 curare-tipped darts {!*}
Armour
 m - a +1 ring mail (worn)
 o - a +0 kite shield
Jewellery
 k - an amulet of guardian spirit (around neck)
Scrolls
 e - a scroll of teleportation {unknown}
 f - a scroll of identify {unknown}
 n - a scroll of blinking {unknown}


   Skills:
 + Level 1.8 Fighting
 + Level 2.4 Crossbows
 + Level 1.3 Armour
 + Level 2.2 Dodging
 + Level 2.1 Stealth
 + Level 1.9 Spellcasting
 - Level 3.6 Hexes


You had 5 spell levels left.
You knew the following spells:

 Your Spells              Type           Power      Damage    Failure   Level
a - Slow                  Hex            44%        N/A       11%         1

Your spell library contained the following spells:

 Spells                   Type           Power      Damage    Failure   Level
 Animate Skeleton         Necr           2%         N/A       43%         1
 Pain                     Necr           4%         1d4       43%         1
 Inner Flame              Hex/Fire       6%         N/A       54%         3
 Portal Projectile        Hex/Tloc       12%        N/A       54%         3
 Cause Fear               Hex            5%         N/A       71%         4
 Vampiric Draining        Necr           1%         2d6       80%         3


Dungeon Overview and Level Annotations

Branches:
Dungeon (3/15)

Altars:

Shops:
D:1 [   D:3 !

Annotations:
D:2 Sigmund


Innate Abilities, Weirdness & Mutations

You cannot be hasted, slowed, berserked, paralysed or teleported.
You can dig through walls and to a lower floor.
You have a pair of large antennae on your head. (SInv)
Your four strong arms can wield two-handed weapons with a shield.
You are partially covered in iridescent scales. (AC +2)
You have hidden genetic defects.


Message History

You are lethally poisoned!
You are too injured to fight recklessly!
Unknown command.
Unknown command.
It was a potion of mutation.
You feel extremely strange.
You feel a hidden malignance growing inside you.
Iridescent scales grow over part of your body.
* * * LOW HITPOINT WARNING * * *
You feel very sick.
It was a potion of flight.
You feel very buoyant.
You fly up into the air.
* * * LOW HITPOINT WARNING * * *
You feel very sick.
You aren't carrying any potions.
Unknown command.
Okay, then.
Unknown command.
Unknown command.
Unknown command.
Fire: 17 bolts
Press: ? - help, Shift-Dir - straight line, f/p - kobold
Aim: a kobold, wielding a +0 short sword and quivering poisoned darts (53% to hit)
Unknown command.
You aren't carrying any items that you can evoke.
Unknown command.
Unknown command.
Unknown command.
Unknown command.
Unknown command.
Unknown command.
As you read the scroll labelled WODIK TOUVVES, it crumbles to dust.
It is a scroll of enchant armour.
Your +0 ring mail glows green for a moment.
* * * LOW HITPOINT WARNING * * *
You feel sick.
As you read the scroll labelled FIAPRO JEMEBBOM, it crumbles to dust.
It is a scroll of enchant weapon.
Your +1 rapier of electrocution glows red for a moment.
You die...

########.####.#
#.....)..# #.#
#........# #.#
####........####.#
......P.........>#
#...P.......######
....PP)♣..#.#
...PP♣P♣P.#.#
....._♣.....###
...♣.P........# ..
..♣.♣......# .
...P..P.....#
#............#
######.#.## #.#.#
#.#.# #.#.# #.#
#@#######
#..†....#
#K#####..# #....#
#...#.# ....#..
....)#..∩$.
#.......#...#.#
+....... #.#..#
#.....!. ...#
#...((. ..##


You could see a kobold.

Vanquished Creatures
  3 adders (D:2)
  A dart slug (D:1)
  3 endoplasms
  2 giant cockroaches
  6 goblins
  5 hobgoblins
  2 kobolds
  A quokka (D:2)
  10 ball pythons
  5 bats
  4 frilled lizards
  5 rats
47 creatures vanquished.

Notes
Turn   | Place    | Note
-------+----------+-------------------------------------------
     0 | D:1      | petzl the Formicid Arcane Marksman began the quest for the
                  | Orb.
     0 | D:1      | Reached XP level 1. HP: 15/15 MP: 2/2
   122 | D:1      | Reached XP level 2. HP: 21/21 MP: 3/3
   320 | D:1      | Found Hawnenidgh's Armour Shop.
   373 | D:1      | Reached skill level 1 in Stealth
   543 | D:1      | Reached XP level 3. HP: 26/26 MP: 5/5
   835 | D:2      | Reached skill level 1 in Armour
  1028 | D:2      | Noticed Sigmund
  1040 | D:2      | You fall into a shaft and drop 1 floor!
  1270 | D:2      | Reached XP level 4. HP: 33/33 MP: 6/6
  1786 | D:2      | You fall into a shaft and drop 1 floor!
  1786 | D:3      | Found a faded altar of an unknown god.
  1828 | D:3      | Found Moskups's Distillery.
  1840 | D:3      | Gained mutation: You have hidden genetic defects. [potion
                  | of mutation]
  1840 | D:3      | Gained mutation: You are partially covered in iridescent
                  | scales. (AC +2) [potion of mutation]
  1843 | D:3      | Succumbed to a kobold's poison

Illustrated notes

Levels and vault maps discovered:
D:1:      psy_arrival_statuary, layout_basic, serial_shops, shop
D:2:      layout_loops_ring, uniq_sigmund
D:3:      layout_basic, mainiacjoe_overflow_six_doors_small,
          dreamdust_ecumenical_altar_grove, serial_shops, nicolae_diamond_shop,
          minmay_misc_feat_iff, kennysheep_another_room,
          minmay_misc_feat_more_columns

Skill      XL: |  1  2  3  4 |
---------------+-------------+-----
Dodging        | 2 |  2.2
Stealth        | 1 2 |  2.1
Armour         | 1 |  1.3
Fighting       | |  1.8
Crossbows      | |  2.4
Spellcasting   | |  1.9
Hexes          | |  3.6

Action                   |  1- 3 |  4- 6 || total
-------------------------+-------+-------++-------
Melee: Short sword       |       |    24 ||    24
       Rapier            |       |     2 ||     2
       Punch             |       |     1 ||     1
 Fire: Hand crossbow     |    74 |    17 ||    91
 Cast: Slow              |       |     3 ||     3
 Abil: Shaft Self        |     1 |     1 ||     2
  Use: Scroll            |       |     2 ||     2
       Potion            |       |     2 ||     2
Armor: Ring mail         |    10 |    18 ||    28
Dodge: Dodged            |    17 |    38 ||    55

Table legend: (Time is in decaauts)
 A = Elapsed time spent in this place.
 B = Non-inter-level travel time spent in this place.
 C = Inter-level travel time spent in this place.
 D = Time resting spent in this place.
 E = Time spent auto-exploring this place.
 F = Levels seen in this place.
 G = Mean time per level.
                   A        B        C        D        E       F      G
               +--------+--------+--------+--------+--------+-----+--------+
         Total |   1881 |   1735 |    146 |    306 |    975 |   3 |  627.0 |
       Dungeon |   1881 |   1735 |    146 |    306 |    975 |   3 |  627.0 |
               +--------+--------+--------+--------+--------+-----+--------+

Top non-repeatable levels by time:
     D:1: 840 daAuts
     D:2: 644 daAuts
     D:3: 396 daAuts
